 Dungeon Crawl Stone Soup version 0.31-a0-1227-g0136665373 (webtiles) character file.

Game seed: 1106734977029815357

119 bmb222 the Ruffian (level 5, -1/49 HPs)
             Began as an Octopode Shapeshifter on Dec 14, 2023.
             Slain by Sigmund
             ... wielding a +0 scythe
              (5 damage)
             ... on level 4 of the Dungeon.
             The game lasted 00:01:53 (2443 turns).

bmb222 the Ruffian (Octopode Shapeshifter)          Turns: 2443, Time: 00:01:53

Health: -1/49      AC: 22    Str: 15    XL:     5   Next: 3%
Magic:  5/5        EV:  2    Int: 12    God:
Gold:   92         SH:  0    Dex: 12    Spells: 4/4 levels left

rFire   . .          .
                       - Unarmed
rCold   . . .        (no shield)
rNeg    . . .        (helmet currently unavailable)
rPois   +            (no amulet)
rElec   .            (no ring)
rCorr   .            (no ring)
SInv    .            (no ring)
Will    .....        (no ring)
Stlth   ++           (no ring)
HPRegen 0.28/turn    (no ring)
MPRegen 0.09/turn    (no ring)
                     (no ring)

%: no passive effects
@: brilliant, tree-form (expiring)
A: stationary, stasis, torment immunity, boosted hp, almost no armour,
(amphibious), 8 rings, (camouflage 1), (gelatinous body 1), (nimble swimmer 1),
(tentacles)
a: no special abilities


You were on level 4 of the Dungeon.
You were a tree.
You visited 1 branch of the dungeon, and saw 4 of its levels.

You collected 92 gold pieces.

Inventory:

Missiles
 n - 2 poisoned darts
Talismans
 b - a beast talisman
 c - a flux talisman
Scrolls
 d - a scroll of teleportation {unknown}
 e - a scroll of revelation {unknown}
 h - 5 scrolls of identify {unknown}
 j - a scroll of blinking {unknown}
 k - a scroll of brand weapon {unknown}
 l - a scroll of enchant weapon {unknown}
Potions
 f - a potion of might {unknown}
 i - a potion of mutation {unknown}
 m - a potion of invisibility {unknown}


   Skills:
 + Level 1.2 Fighting
 + Level 2.2 Dodging
 * Level 3.3 Stealth
 + Level 4.1 Unarmed Combat
 * Level 3.5 Shapeshifting


You had 4 spell levels left.
You didn't know any spells.
Your spell library contained the following spells:

 Spells                   Type           Power      Damage    Failure   Level
 Apportation              Tloc           0%         N/A       32%         1
 Shock                    Conj/Air       0%         1d3       32%         1
 Slow                     Hex            0%         N/A       32%         1
 Jinxbite                 Hex            0%         N/A       45%         2
 Confusing Touch          Hex            0%         N/A       69%         3
 Gell's Gravitas          Tloc           0%         N/A       69%         3
 Sigil of Binding         Hex            0%         N/A       69%         3
 Teleport Other           Tloc           0%         N/A       69%         3
 Vampiric Draining        Necr           0%         2d6       69%         3
 Anguish                  Hex/Necr       0%         N/A       97%         4
 Brom's Barrelling Bould  Conj/Erth      0%         2d3       97%         4
 Alistair's Intoxication  Tmut/Pois      0%         N/A       100%        5
 Borgnjor's Vile Clutch   Necr/Erth      0%         N/A       100%        5
 Fireball                 Conj/Fire      0%         3d3       100%        5
 Iskenderun's Battlesphe  Conj           0%         2d6       100%        5
 Bombard                  Conj/Erth      0%         9d1       100%        6
 Conjure Ball Lightning   Conj/Air       0%         3x3d6     100%        6
 Dispersal                Tloc           0%         N/A       100%        6
 Orb of Destruction       Conj           0%         9d5       100%        7


Dungeon Overview and Level Annotations

Branches:
Dungeon (4/15)
 Temple: D:4-7

Altars:

Annotations:
D:4 Sigmund


Innate Abilities, Weirdness & Mutations

You are a tree.
Your roots penetrate the ground, keeping you stationary.
You cannot be teleported.
You are immune to unholy pain and torment.
Your maximum health is greatly increased.
You cannot wear most types of armour.
((You are amphibious.))
You can wear up to eight rings at the same time.
((Your skin changes colour to match your surroundings (Stealth+).))
((Your rubbery body absorbs attacks. (AC +1, EV +1)))
((You are camouflaged when in or above water. (Stealth+)))
((You have tentacles for arms and can constrict up to eight enemies at once.))


Message History

The hobgoblin hits you but does no damage.
A kobold comes into view. It is wielding a +0 short sword.
The hound bites you but does no damage.
You closely miss the hobgoblin. The hound bites you. The hobgoblin hits you.
Something hits you but does no damage. The hound barely misses you.
You smack the hobgoblin!
You kill the hobgoblin!
The hound bites you but does no damage. Something hits you but does no damage.
You smack the hound!
The hound is severely wounded.
The hound bites you but does no damage.
You smack the hound!
You kill the hound!
You hear some strange, mumbled words.
Something tries to affect you, but you resist.
Your Stealth skill increases to level 3!
You have reached level 5!
You feel agile. Something hits you!
* * * LOW HITPOINT WARNING * * *
You feel more clever all of a sudden. Something hits you but does no damage.
You feel more clever all of a sudden.
The kobold hits you with a +0 short sword.
* * * LOW HITPOINT WARNING * * *
You cannot move.
You cannot move.
You miss the kobold. The kobold hits you but does no damage.
Something hits you but does no damage.
You miss the kobold.
Your transformation is almost over.
The kobold hits you but does no damage.
You smack the kobold!
You kill the kobold!
Something hits you!
* * * LOW HITPOINT WARNING * * *
You cannot move.
You feel more clever all of a sudden. Something hits you.
You die...

..........#
.........
$......
#.....# #
#.....###.#
#.........#
#..{......#
#.<.......#
#...♣.##..#
#...).#
#.....#
#.....#
#.....#
#......
##....##
#....#


There were no monsters in sight!

Vanquished Creatures
  A hound (D:4)
  2 adders (D:3)
  A worm (D:2)
  A dart slug (D:1)
  2 orcs (D:3)
  6 endoplasms
  9 goblins
  5 hobgoblins
  2 quokkas
  9 ball pythons
  5 bats
  3 frilled lizards
  7 kobolds
  8 rats
  A spectral kobold (D:2)
62 creatures vanquished.

Notes
Turn   | Place    | Note
-------+----------+-------------------------------------------
     0 | D:1      | bmb222 the Octopode Shapeshifter began the quest for the
                  | Orb.
     0 | D:1      | Reached XP level 1. HP: 13/13 MP: 1/1
   282 | D:1      | Reached XP level 2. HP: 18/18 MP: 2/2
   540 | D:1      | Got the Disquisition on Dark Bolts
   842 | D:2      | Found a faded altar of an unknown god.
   861 | D:2      | Reached XP level 3. HP: 23/23 MP: 3/3
   904 | D:2      | Reached skill level 1 in Stealth
  1500 | D:2      | Identified the +7 dagger "Dauk" {speed, rF- rN+ Int+2}
  1682 | D:3      | Reached XP level 4. HP: 17/28 MP: 4/4
  2074 | D:3      | Reached skill level 4 in Unarmed Combat
  2422 | D:4      | Noticed Sigmund
  2437 | D:4      | Reached XP level 5. HP: 19/33 MP: 5/5
  2443 | D:4      | Slain by Sigmund

Illustrated notes

Levels and vault maps discovered:
D:1:      psy_arrival_statuary, layout_loops_ring
D:2:      kennysheep_the_goblin_king, layout_loops_corners,
          dreamdust_ecumenical_altar_drowned_temple
D:3:      layout_basic
D:4:      layout_gridville, fedhas_altar_fruit_tree,
          grunt_temple_overflow_cloverleaf, uniq_crazy_yiuf_cottage,
          uniq_sigmund

Skill      XL: |  1  2  3  4 |
---------------+-------------+-----
Stealth        | 2 3 |  3.3
Unarmed Combat | 4 |  4.1
Fighting       | |  1.2
Dodging        | |  2.2
Shapeshifting  | |  3.5

Action                     |  1- 3 |  4- 6 || total
---------------------------+-------+-------++-------
  Melee: Unarmed           |    79 |    32 ||   111
         Constrict         |    15 |     8 ||    23
         Tentacles         |     7 |     7 ||    14
         Punch             |     3 |       ||     3
    Use: Potion            |       |     5 ||     5
   Stab: Sleeping          |    12 |     6 ||    18
 Armour: Skin              |    22 |    28 ||    50
  Dodge: Dodged            |    44 |    10 ||    54

Table legend: (Time is in decaauts)
 A = Elapsed time spent in this place.
 B = Non-inter-level travel time spent in this place.
 C = Inter-level travel time spent in this place.
 D = Time resting spent in this place.
 E = Time spent auto-exploring this place.
 F = Levels seen in this place.
 G = Mean time per level.
                   A        B        C        D        E       F      G
               +--------+--------+--------+--------+--------+-----+--------+
         Total |   2435 |   2230 |    205 |      0 |   1895 |   4 |  608.8 |
       Dungeon |   2435 |   2230 |    205 |      0 |   1895 |   4 |  608.8 |
               +--------+--------+--------+--------+--------+-----+--------+

Top non-repeatable levels by time:
     D:2: 989 daAuts
     D:1: 724 daAuts
     D:3: 701 daAuts
     D:4: 20 daAuts
